 Dungeon Crawl Stone Soup version 0.30-a0-782-ge64f9170bb (webtiles) character file.

Game seed: 6545869404743608643

13887 Angani the Thaumaturge (level 11, 0/74 HPs)
             Began as a Green Draconian Hedge Wizard on Mar 12, 2023.
             Was a Priest of Dithmenos.
             Slain by Fannar
             ... wielding a staff of cold
              (17 damage)
             ... on level 11 of the Dungeon.
             The game lasted 00:26:56 (12516 turns).

Angani the Thaumaturge (DrHW)                      Turns: 12516, Time: 00:26:56

Health: 0/74       AC: 15    Str: 12    XL:     11   Next: 81%
Magic:  3/25       EV: 12    Int: 16    God:    Dithmenos [***...]
Gold:   464        SH:  5    Dex: 14    Spells: 20/30 levels left

rFire   . . .      SeeInvis .    D - +10 whip of Kynaiqouts {elec, rElec rPois Dex+2}
rCold   . . .      Faith    .    (no shield)
rNeg    . . .      Spirit   .    (body armour unavailable)
rPois   +          Reflect  +    b - +0 hat
rElec   +          Harm     .    F - +1 cloak
rCorr   .          Rampage  .    u - +2 pair of gloves
Will    .....                    o - +2 pair of boots
Stlth   ++                       B - amulet of reflection
HPRegen 0.32/turn                e - ring of wizardry
MPRegen 0.19/turn                (no ring)

@: slowed, wreathed by umbra, very slow
A: breathe noxious fumes, AC +7, unfitting armour, poison resistance,
cold-blooded, stinger 1, dopey 1
a: Breathe Noxious Fumes, Renounce Religion, Shadow Step


You were on level 11 of the Dungeon.
You worshipped Dithmenos.
Dithmenos was most pleased with you.
You visited 1 branch of the dungeon, and saw 11 of its levels.
You also visited: Ossuary.

You collected 662 gold pieces.
You spent 198 gold pieces at shops.

Inventory:

Hand Weapons
 r - a +2 demon whip of venom
 D - the +10 whip of Kynaiqouts (weapon) {elec, rElec rPois Dex+2}
   (You found it on level 7 of the Dungeon)

   Dex:       It affects your dexterity (+2).
   rElec:     It insulates you from electricity.
   rPois:     It protects you from poison.
Armour
 b - a +0 hat (worn)
 o - a +2 pair of boots (worn)
 u - a +2 pair of gloves (worn)
 F - a +1 cloak (worn)
Magical Staves
 q - a staff of cold
Jewellery
 e - a ring of wizardry (left hand)
 B - an amulet of reflection (around neck)
Wands
 i - a wand of quicksilver (8)
 y - a wand of roots (13)
 A - a wand of polymorph (8)
 C - a wand of mindburst (15)
 E - a wand of paralysis (5)
Scrolls
 a - 2 scrolls of fear
 d - 3 scrolls of vulnerability
 g - 4 scrolls of amnesia
 h - 7 scrolls of identify
 m - 4 scrolls of fog
 n - 2 scrolls of magic mapping
 s - a scroll of blinking
 t - 3 scrolls of poison
 x - 4 scrolls of teleportation
 z - 2 scrolls of immolation
Potions
 c - 3 potions of lignification
 f - 4 potions of cancellation
 j - 4 potions of heal wounds
 k - 8 potions of curing
 l - 2 potions of attraction
 p - 2 potions of flight
 v - a potion of resistance
 w - a potion of might


   Skills:
 - Level 2.0 Maces & Flails
 - Level 1.7 Dodging
 - Level 1.7 Stealth
 - Level 10.0 Spellcasting
 - Level 8.1 Conjurations
 - Level 8.3 Hexes
 - Level 1.0 Summonings
 - Level 1.0 Translocations
 - Level 5.0 Transmutations
 - Level 5.0 Fire Magic
 + Level 9.4 Poison Magic


You had 20 spell levels left.
You knew the following spells:

 Your Spells              Type           Power      Damage    Failure   Level
a - Magic Dart            Conj           100%       1d8       1%          1
b - Searing Ray           Conj           68%        2d6       1%          2
c - Fulminant Prism       Conj/Hex       17%        3d10      1%          4
d - Ignite Poison         Fire/Tmut/Pois 28%        N/A       1%          3

Your spell library contained the following spells:

 Spells                   Type           Power      Damage    Failure   Level
 Slow                     Hex            100%       N/A       1%          1
 Cigotuvi's Dreadful Rot  Necr/Pois/Air  36%        N/A       1%          2
 Momentum Strike          Conj/Tloc      44%        3d9       1%          2
 Confusing Touch          Hex            34%        N/A       1%          3
 Mephitic Cloud           Conj/Pois/Air  26%        N/A       1%          3
 Blink                    Tloc           22%        N/A       3%          2
 Call Imp                 Summ           11%        N/A       3%          2
 Lesser Beckoning         Tloc           22%        N/A       3%          2
 Gell's Gravitas          Tloc           11%        N/A       8%          3
 Teleport Other           Tloc           11%        N/A       8%          3
 Ozocubu's Armour         Ice            8%         N/A       11%         3
 Vampiric Draining        Necr           8%         2d6       11%         3
 Ice Form                 Ice/Tmut       16%        N/A       13%         4
 Blade Hands              Tmut           12%        N/A       13%         5
 Metabolic Englaciation   Hex/Ice        10%        N/A       19%         5
 Dispersal                Tloc           5%         N/A       97%         6
 Simulacrum               Ice/Necr       4%         N/A       99%         6


Dungeon Overview and Level Annotations

Branches:
Dungeon (11/15)            Temple (0/1) D:7            Lair (0/5) D:10
    Orc (0/2) D:10        Ossuary (visited)

Altars:
Ashenzari
Dithmenos
Fedhas
Makhleb
Nemelex Xobeh
Sif Muna
Trog
Uskayaw
Xom

Shops:
D:2 [

Annotations:
D:11 Fannar


Innate Abilities, Weirdness & Mutations

You can breathe blasts of noxious fumes.
Your lurid green scales are hard. (AC +7)
You cannot fit into any form of body armour.
Your system is resistant to poisons. (rPois)
You are cold-blooded and may be slowed by cold attacks.
Your tail ends in a venomous barb.
You are dopey. (Int -2)


Message History

Casting: Searing Ray (safe; 1% risk of failure)
Confirm with . or Enter, or press ? or * to list all spells.
You ignite the poison in your surroundings!
Fannar is engulfed in blazing flames.
Aiming: Fastroot
Press: ? - help, Shift-Dir - straight line, f/p - Fannar
Aim: Fannar, wielding a staff of cold and wearing a +1 robe of cold resistance (flame, lightly wounded, umbra)
The roots erupt in riotous growth!
Roots grab Fannar.
The grasping roots constrict Fannar.
Fannar is engulfed in blazing flames.
Fannar hits you but does no damage. Fannar freezes you.
You feel yourself slow down.
Unknown command.
You hit Fannar.
Fannar is moderately wounded.
The grasping roots constrict Fannar!
The roots release their grip on Fannar.
Fannar is engulfed in blazing flames.
Fannar mumbles some strange words.
Fannar drains the heat from the surrounding environment!
You feel as though you will be slow longer.
You whack Fannar!
Fannar is severely wounded.
Fannar hits you but does no damage.
Fannar mumbles some strange words.
You miss Fannar.
Your tail-slap misses Fannar.
Fannar is severely wounded.
Fannar casts a spell.
Aiming: Fastroot
Press: ? - help, Shift-Dir - straight line, f/p - Fannar
Aim: Fannar, wielding a staff of cold and wearing a +1 robe of cold resistance (severely wounded, umbra)
The roots erupt in riotous growth!
Roots grab Fannar.
Roots grab the ice beast.
You have got your breath back.
The grasping roots constrict Fannar, but do no damage.
The grasping roots constrict the ice beast!
Fannar points at you and mumbles some strange words.
The bolt of cold hits you!!
* * * LOW HITPOINT WARNING * * *
Fannar hits you but does no damage. Fannar freezes you!
You die...

##.## ##.## #8.8#
##.## ##.## #8.8#
##########.####
####8##8##8##.##8#
#@Y..........).)..
#e##8##8##8##.##8#
#Y###########.####
#(.# 8.8
###.#####°# ##.##
..........# #.#
......O...# 8.8
..........# #.#
............


You could see Fannar (rooted) and 2 ice beasts.

Vanquished Creatures
  Erolcha (D:9)
  4 two-headed ogres
  Urug (D:11)
  Amaemon (D:9)
  A deep elf pyromancer (D:10)
  Pikel (D:5)
  A manticore (D:11)
  2 cyclopes (D:11)
  An elephant (D:10)
  An orange demon (D:9)
  Psyche (D:8)
  A komodo dragon (D:10)
  A troll (D:10)
  A hornet (D:9)
  2 wraiths
  13 yaks
  A wyvern (D:10)
  2 steam dragons
  A basilisk (D:10)
  Menkaure (D:6)
  An acid dragon (D:10)
  A water moccasin (D:8)
  2 orc warriors (D:10)
  An ice beast (D:5)
  2 black bears
  A sky beast (D:8)
  3 ogres
  A centaur (D:9)
  An elf zombie (Ossuary)
  A phantom (D:5)
  Blork the orc (D:5)
  3 kobold brigands
  3 bullfrogs
  5 scorpions
  2 necrophages
  7 wights
  2 howler monkeys (D:7)
  A jelly (D:5)
  A gnoll bouda (D:7)
  2 orc priests (D:9)
  2 hounds (D:7)
  3 iguanas
  Ijyb (D:5)
  5 orc wizards
  3 hound zombies (Ossuary)
  A hound skeleton (D:5)
  4 mummies (Ossuary)
  8 gnolls
  9 adders
  4 white imps
  6 ufetubi
  2 adder zombies (Ossuary)
  A worm (D:3)
  2 dart slugs (D:4)
  30 orcs
  9 endoplasms
  5 giant cockroaches
  8 goblins
  6 hobgoblins
  6 jackals
  15 kobolds
  6 quokkas
  7 ball pythons
  5 bats
  3 frilled lizards
  2 goblin zombies (Ossuary)
  A kobold zombie (Ossuary)
  2 orc zombies (Ossuary)
  5 rats
  A rat zombie (Ossuary)
241 creatures vanquished.

Vanquished Creatures (others)
  A steam dragon (D:10)
  6 fulminant prisms
  A plant (D:10)
8 creatures vanquished.

Grand Total: 249 creatures vanquished

Notes
Turn   | Place    | Note
-------+----------+-------------------------------------------
     0 | D:1      | Angani the Draconian Hedge Wizard began the quest for the
                  | Orb.
     0 | D:1      | Reached XP level 1. HP: 14/14 MP: 4/4
   336 | D:1      | Gained mutation: You are vulnerable to heat. (rF-) [potion
                  | of mutation]
   456 | D:1      | Reached XP level 2. HP: 20/20 MP: 0/6
   608 | D:1      | Learned a level 2 spell: Searing Ray
  1425 | D:2      | Found a bloodstained altar of Trog.
  1475 | D:2      | Reached XP level 3. HP: 24/26 MP: 1/7
  1858 | D:2      | Found Roases's Armour Boutique.
  1963 | D:2      | You fall into a shaft and drop 2 floors!
  1966 | D:4      | Noticed a kobold brigand
  1996 | D:4      | Reached XP level 4. HP: 30/33 MP: 3/9
  2054 | D:4      | Killed a kobold brigand
  2055 | D:4      | Reached XP level 5. HP: 38/38 MP: 2/10
  2141 | D:4      | Reached skill level 4 in Spellcasting
  2145 | D:4      | Noticed a +0 short sword
  2145 | D:4      | Noticed a +0 dagger
  2145 | D:4      | Noticed a +0 dagger
  2203 | D:4      | Found a sand-covered staircase.
  2215 | Ossuary  | Entered an ossuary
  2276 | Ossuary  | Reached skill level 5 in Conjurations
  2276 | Ossuary  | Reached XP level 6. HP: 23/45 MP: 1/12
  2681 | D:3      | Found a shadowy altar of Dithmenos.
  2682 | D:3      | Found a shimmering blue altar of Sif Muna.
  2999 | D:2      | Bought a +2 pair of gloves for 198 gold pieces
  3051 | D:2      | Found a faded altar of an unknown god.
  3056 | D:2      | Prayed at the altar of an unknown god.
  3056 | D:2      | Became a worshipper of Dithmenos the Shadowed
  3056 | D:2      | Reached * piety under Dithmenos
  3882 | D:4      | Noticed a +0 spear
  3907 | D:4      | Found a hide-covered altar of Uskayaw.
  3907 | D:4      | Noticed a +0 short sword
  3910 | D:4      | Noticed a +0 spear
  3910 | D:4      | Noticed a +0 falchion
  3919 | D:4      | Noticed a +0 falchion
  4146 | D:5      | Entered Level 5 of the Dungeon
  4148 | D:5      | Noticed a two-headed ogre
  4181 | D:5      | Noticed Pikel
  4193 | D:5      | Killed Pikel
  4194 | D:5      | Reached skill level 5 in Spellcasting
  4194 | D:5      | Your scales start taking on a lurid green colour.
  4194 | D:5      | Reached XP level 7. HP: 48/50 MP: 0/15
  4194 | D:5      | Gained mutation: Your system is resistant to poisons.
                  | (rPois) [Green Draconian growth]
  4396 | D:5      | Noticed Blork the orc
  4404 | D:5      | Killed Blork the orc
  4405 | D:5      | Reached XP level 8. HP: 57/57 MP: 8/16
  4486 | D:5      | Reached ** piety under Dithmenos
  4746 | D:5      | Reached skill level 6 in Spellcasting
  4751 | D:5      | Learned a level 4 spell: Fulminant Prism
  4833 | D:5      | Killed a two-headed ogre
  4834 | D:5      | Reached skill level 7 in Spellcasting
  4973 | D:5      | Found a burning altar of Makhleb.
  5129 | D:5      | Noticed Ijyb
  5150 | D:5      | Killed Ijyb
  5479 | D:5      | Reached XP level 9. HP: 62/62 MP: 13/20
  5855 | D:6      | Noticed a two-headed ogre
  5865 | D:6      | Killed a two-headed ogre
  5866 | D:6      | Reached skill level 8 in Spellcasting
  5866 | D:6      | Reached skill level 5 in Hexes
  6309 | D:6      | Noticed Menkaure
  6313 | D:6      | Killed Menkaure
  6829 | D:7      | Identified the +10 whip of Kynaiqouts {elec, rElec rPois
                  | Dex+2}
  7008 | D:7      | Reached skill level 1 in Maces & Flails
  7139 | D:7      | Lost mutation: You are vulnerable to heat. (rF-) [potion of
                  | mutation]
  7139 | D:7      | Gained mutation: You are dopey. (Int -2) [potion of
                  | mutation]
  7139 | D:7      | Gained mutation: Your tail ends in a venomous barb. [potion
                  | of mutation]
  7307 | D:7      | Found a staircase to the Ecumenical Temple.
  7362 | D:7      | Reached skill level 9 in Spellcasting
  7448 | D:7      | Got the Textbook on Forms and the Cure
  7453 | D:7      | Learned a level 3 spell: Ignite Poison
  7772 | D:7      | Found a blossoming altar of Fedhas.
  7772 | D:7      | Found a broken altar of Ashenzari.
  7860 | D:8      | Reached XP level 10. HP: 67/69 MP: 17/23
  7950 | D:8      | Reached *** piety under Dithmenos
  8059 | D:8      | Noticed Psyche
  8071 | D:8      | Killed Psyche
  8229 | D:8      | Identified the +4 rapier "Tiuris" {pain, rElec Str+4}
  8391 | D:8      | Identified the +2 ring mail of Tegoampiono {rPois rF++ rC-
                  | Stlth+}
  8996 | D:9      | Noticed Amaemon
  8998 | D:9      | Noticed an orange demon
  9008 | D:9      | Killed an orange demon
  9012 | D:9      | Killed Amaemon
  9013 | D:9      | Reached skill level 10 in Spellcasting
  9200 | D:9      | Reached skill level 1 in Poison Magic
  9207 | D:9      | Reached skill level 1 in Fire Magic
  9660 | D:9      | Noticed Erolcha
  9677 | D:9      | Killed Erolcha
  9944 | D:9      | Reached XP level 11. HP: 74/74 MP: 18/25
  9999 | D:9      | Found a shimmering altar of Xom.
  9999 | D:9      | Found a sparkling altar of Nemelex Xobeh.
 10108 | D:10     | Entered Level 10 of the Dungeon
 10155 | D:10     | Reached skill level 1 in Transmutations
 10315 | D:10     | Found a staircase to the Lair.
 10450 | D:10     | Reached skill level 5 in Poison Magic
 10712 | D:10     | Reached **** piety under Dithmenos
 10797 | D:10     | Noticed a two-headed ogre
 10838 | D:10     | Found a staircase to the Orcish Mines.
 10850 | D:10     | Killed a two-headed ogre
 10851 | D:10     | Reached skill level 5 in Fire Magic
 12009 | D:11     | Noticed a deep elf pyromancer
 12024 | D:10     | Killed a deep elf pyromancer
 12124 | D:11     | Reached skill level 5 in Transmutations
 12271 | D:11     | Noticed Urug
 12292 | D:11     | Killed Urug
 12488 | D:11     | Noticed a two-headed ogre
 12508 | D:11     | Noticed Fannar
 12509 | D:11     | Killed a two-headed ogre
 12516 | D:11     | Slain by Fannar

Illustrated notes

Levels and vault maps discovered:
D:1:      amcnicky_arrival_gap_in_the_tavern_cellar, layout_basic
D:2:      layout_loops_ring, basic_altar, serial_shops, shop_fountains,
          shapermc_ecumenical_altar_petra, minmay_misc_feat_four_crosses,
          kennysheep_cross_bottleneck, minmay_tromino_v4_c
D:3:      layout_rooms, mainiacjoe_overflow_divided_tiny,
          kennysheep_nondescript, hangedman_glass_teeth
D:4:      layout_rooms, nicolae_uskayaw_en_pointe, enter_ossuary_1,
          hangedman_abyss_or_decor_stagger
D:5:      layout_basic, makhleb_blood_cavern_becter, uniq_ijyb,
          uniq_blork_the_orc, uniq_pikel
D:6:      layout_basic, chequers_jeans, uniq_menkaure
D:7:      layout_loops_corners, gammafunk_temple_overflow_elements,
          minmay_temple_entry_arrows, minmay_chambers_of_fives
D:8:      layout_loops_ring, uniq_psyche
D:9:      layout_basic, gammafunk_temple_overflow_wave,
          minmay_stone_trees_small, uniq_amaemon, uniq_erolcha
D:10:     layout_loops_corners, david_lair_generic, david_orc_2,
          lemuel_flamethrower_2
D:11:     layout_small_grid, chequers_serial_rivers_micro_e, st_stairs_9,
          dk_noncrumbling_2, uniq_urug, uniq_fannar, uniq_sonja

Skill      XL: |  1  2  3  4  5  6  7  8  9 10 11 |
---------------+----------------------------------+-----
Conjurations   | 2 3 4 5 7 8 |  8.1
Spellcasting   | 4 5 7 9 10 | 10.0
Hexes          | 3 6 8 |  8.3
Maces & Flails | 2 |  2.0
Poison Magic   | 4 9 |  9.4
Fire Magic     | 3 5 |  5.0
Transmutations | 5 |  5.0
Dodging        | |  1.7
Stealth        | |  1.7
Summonings     | |  1.0
Translocations | |  1.0

Action                     |  1- 3 |  4- 6 |  7- 9 | 10-12 || total
---------------------------+-------+-------+-------+-------++-------
  Melee: Dagger            |    22 |       |       |       ||    22
         Tailslap          |     6 |    16 |    18 |    14 ||    54
         Quarterstaff      |    51 |    43 |       |       ||    94
         Long sword        |       |    81 |    50 |       ||   131
         Whip              |       |       |    38 |    92 ||   130
         Punch             |       |       |     1 |       ||     1
   Cast: Magic Dart        |    72 |    35 |     6 |     8 ||   121
         Searing Ray       |       |    10 |    38 |    57 ||   105
         Ignite Poison     |       |       |       |    18 ||    18
         Fulminant Prism   |       |       |       |     6 ||     6
Ability: Breathe Noxious F |       |       |    11 |    23 ||    34
  Evoke: Wand              |       |       |       |     2 ||     2
    Use: Potion            |     7 |     2 |     1 |       ||    10
         Scroll            |     8 |     5 |     7 |     3 ||    23
   Stab: Invisible         |     1 |       |       |       ||     1
         Sleeping          |     3 |     2 |     1 |     1 ||     7
         Confused          |       |       |     3 |     1 ||     4
         Distracted        |       |       |       |     1 ||     1
 Armour: Skin              |    32 |    67 |    39 |    73 ||   211
  Dodge: Dodged            |    56 |    92 |   100 |    98 ||   346
  Block: Other             |       |       |    24 |    51 ||    75
         Reflection        |       |       |     1 |     3 ||     4

Table legend: (Time is in decaauts)
 A = Elapsed time spent in this place.
 B = Non-inter-level travel time spent in this place.
 C = Inter-level travel time spent in this place.
 D = Time resting spent in this place.
 E = Time spent auto-exploring this place.
 F = Levels seen in this place.
 G = Mean time per level.
                   A        B        C        D        E       F      G
               +--------+--------+--------+--------+--------+-----+--------+
         Total |  12586 |  12043 |    543 |   1817 |   8020 |  12 | 1048.8 |
       Dungeon |  12229 |  11686 |    543 |   1741 |   7929 |  11 | 1111.7 |
       Ossuary |    357 |    357 |      0 |     76 |     91 |   1 |  357.0 |
               +--------+--------+--------+--------+--------+-----+--------+

Top non-repeatable levels by time:
    D:10: 2028 daAuts
     D:5: 1563 daAuts
     D:9: 1397 daAuts
     D:1: 1193 daAuts
     D:2: 1161 daAuts
     D:7: 1120 daAuts
     D:6: 993 daAuts
     D:8: 892 daAuts
     D:4: 851 daAuts
     D:3: 645 daAuts
    D:11: 382 daAuts
 Ossuary: 357 daAuts
